AoeStats
← 烏雲中

Lombardia

508899925Analyzed
3v3 RM · 8d ago on Sep 24, 2026· 42m 25s· 6 players
Game mode
Random Map
Map size
Normal (6 player)
Population
200
Speed
Normal
Resources
Standard
Victory
Conquest
Starting age
Dark Age
Ending age
Imperial Age
RankedLock teamsTeams togetherTeam positionsShared explorationLock speedFull tech treeHidden civsTurbo modeCheats
Victory
Defeat
🇺🇸 Saxons · United States
1403
+13
🇳🇴 Varangians · Norway
1402
+13
🇹🇼 Danes · Taiwan
1373
+14
🇹🇼 Saxons · Taiwan
1497
-19
🇹🇼 Khmer · Taiwan
1357
-14
🇹🇼 Varangians · Taiwan
1168
-7
Pwncakes
9:47 Feudal Age
13:29 Castle Age
11:46 Double-Bit Axe
13:03 Loom
13:12 Horse Collar
14:39 Heavy Plow
19:25 Bow Saw
22:23 Stone Mining
23:49 Wheelbarrow
23:26 Gold Mining
25:13 Hand Cart
27:48 Scale Mail Armor
27:51 Squires
28:03 Forging
28:44 Gold Shaft Mining
28:06 Gambesons
31:17 Imperial Age
29:46 Chain Mail Armor
29:21 Arson
30:12 Iron Casting
29:31 Treadmill Crane
31:13 Ballistics
31:20 Fletching
32:25 Conscription
31:26 Shield Wall
33:34 Two-Man Saw
33:19 Plate Mail Armor
32:19 Pikeman
32:46 Elite Varangian Guard
35:28 Hoardings
34:28 Halberdier
39:28 Bodkin Arrow
39:18 Elite Hearth Troop
41:57 Bracer
43:02 Chemistry
Advanced Micro Devices
9:18 Loom
11:32 Feudal Age
13:56 Double-Bit Axe
16:30 Castle Age
15:50 Horse Collar
18:26 Fletching
26:10 Bow Saw
26:41 Wheelbarrow
30:55 Gold Mining
32:44 Hand Cart
32:26 Stone Mining
32:39 Heavy Plow
33:02 Scale Mail Armor
33:12 Forging
36:59 Imperial Age
35:20 Ballistics
35:55 Iron Casting
35:35 Chain Mail Armor
36:09 Gold Shaft Mining
37:22 Northmen's Fury
37:31 Onager
39:00 Plate Mail Armor
38:41 Siege Engineers
39:18 Siege Onager
41:30 Blast Furnace
41:19 Conscription
40:19 Hamask
40:52 Capped Ram
ManWithScarf
11:07 Feudal Age
15:04 Castle Age
12:51 Loom
13:18 Double-Bit Axe
13:14 Horse Collar
14:19 Scale Barding Armor
16:09 Bow Saw
16:01 Heavy Plow
26:34 Wheelbarrow
27:18 Bloodlines
27:09 Husbandry
27:31 Chain Barding Armor
27:21 Forging
30:12 Iron Casting
32:30 Imperial Age
29:45 Town Watch
30:16 Hand Cart
30:10 Fletching
31:35 Bodkin Arrow
31:29 Vendel Legacy
32:46 Cavalier
34:07 Plate Barding Armor
34:33 Blast Furnace
33:53 Gold Mining
33:53 Stone Mining
34:53 Conscription
37:53 Town Patrol
39:21 Stone Shaft Mining
39:40 Elite Jarl
40:54 Ballistics
41:34 Chemistry
40:46 Masonry
41:18 Bracer
41:18 Scale Mail Armor
41:19 Padded Archer Armor
高德納
6:49 Loom
9:21 Feudal Age
10:15 Double-Bit Axe
11:06 Double-Bit Axe
11:18 Fletching
17:16 Horse Collar
22:49 Castle Age
21:12 Gold Mining
23:25 Crossbowman
25:16 Bodkin Arrow
26:17 Ballistics
26:08 Padded Archer Armor
29:54 Scale Mail Armor
32:29 Wheelbarrow
33:40 Chain Mail Armor
35:16 Town Watch
40:03 Imperial Age
37:09 Man-at-Arms
38:48 Thumb Ring
39:00 Forging
39:05 Leather Archer Armor
38:37 Long Swordsman
39:03 Gambesons
40:22 Iron Casting
39:20 Pikeman
40:00 Squires
41:07 Bracer
烏雲中
10:47 Feudal Age
14:37 Castle Age
15:23 Double-Bit Axe
15:22 Horse Collar
16:56 Wheelbarrow
17:13 Bow Saw
16:50 Loom
24:39 Gold Mining
25:17 Stone Mining
29:23 Imperial Age
27:25 Heavy Plow
28:25 Padded Archer Armor
28:17 Fletching
30:28 Conscription
30:37 Hand Cart
31:11 Elite Ballista Elephant
32:33 Bodkin Arrow
34:00 Ballistics
34:41 Chemistry
34:56 Double Crossbow
36:13 Leather Archer Armor
35:59 Bracer
37:49 Bloodlines
37:00 Elite Battle Elephant
38:39 Scale Barding Armor
38:45 Forging
39:33 Husbandry
貓妖
10:42 Feudal Age
15:04 Castle Age
13:48 Double-Bit Axe
13:47 Horse Collar
16:31 Loom
22:20 Wheelbarrow
22:06 Stone Mining
22:13 Gold Mining
24:06 Stone Shaft Mining
27:20 Bow Saw
27:14 Heavy Plow
31:30 Hand Cart
31:50 Treadmill Crane
32:20 Fortified Wall
32:16 Town Watch
35:31 Imperial Age
33:15 Scale Mail Armor
33:25 Forging
34:23 Chain Mail Armor
34:47 Squires
34:33 Arson
35:26 Iron Casting
36:12 Elite Varangian Guard
37:36 Plate Mail Armor
38:07 Blast Furnace
41:30 Conscription
40:31 Gothikon
Connection lost

Rejoining the realm…

Still unreachable

The connection could not be restored.

Session expired

The server has moved on; the page needs a fresh start.